 Dungeon Crawl Stone Soup version 0.27.0-1-g7a089689b8 (webtiles) character file.

Game seed: 3892052589469059891

426 Lochraine the Conjurer (level 7, -1/46 HPs)
             Began as a Human Conjurer on Aug 11, 2021.
             Slain by Edmund (8 damage)
             ... on level 5 of the Dungeon.
             The game lasted 00:08:36 (5119 turns).

Lochraine the Conjurer (Human Conjurer)             Turns: 5119, Time: 00:08:36

Health: -1/46      AC:  4    Str:  8    XL:     7   Next: 18%
Magic:  3/12       EV: 12    Int: 20    God:
Gold:   220        SH:  0    Dex: 15    Spells: 6/13 levels left

rFire    . . .     SeeInvis .   k - +1 dagger (elec)
rCold    + . .     Faith    .   (no shield)
rNeg     . . .     Spirit   .   a - +0 robe
rPois    .         Reflect  .   (no helmet)
rElec    .         Harm     .   (no cloak)
rCorr    .         Rampage  .   o - +0 pair of gloves
Will     +....                  v - +0 pair of boots of Sin {rC+ Dex+4}
Stlth    ++........             (no amulet)
HPRegen  0.15/turn              u - ring of flight
MPRegen  0.13/turn              q - ring of willpower

@: flying, hasted, very quick
A: no striking features
a: no special abilities


You were on level 5 of the Dungeon.
You visited 1 branch of the dungeon, and saw 5 of its levels.

You collected 220 gold pieces.

Inventory:

Hand Weapons
 j - a +0 short sword
   (You took it off a kobold on level 1 of the Dungeon)
 k - a +1 dagger of electrocution (weapon)
   (You found it on level 2 of the Dungeon)
Missiles
 d - 32 sling bullets
 h - 20 poisoned darts
 i - 2 atropa-tipped darts
Armour
 a - a +0 robe (worn)
 o - a +0 pair of gloves (worn)
   (You found it on level 3 of the Dungeon)
 v - the +0 pair of boots of Sin (worn) {rC+ Dex+4}
   (You found it on level 4 of the Dungeon)

   Dex:       It affects your dexterity (+4).
   rC:        It protects you from cold.
 w - a +0 helmet
   (You took it off Robin on level 4 of the Dungeon)
Jewellery
 q - a ring of willpower (right hand)
   (You found it on level 4 of the Dungeon)
 u - a ring of flight (left hand)
   (You took it off a hobgoblin on level 4 of the Dungeon)
 z - a ring of see invisible
   (You found it on level 2 of the Dungeon)
Scrolls
 e - a scroll of noise {unknown}
 f - a scroll of teleportation {@r4}
 n - 2 scrolls of amnesia {unknown}
 p - a scroll of acquirement {unknown}
 t - a scroll of silence {unknown}
 y - a scroll of identify {unknown}
Potions
 b - 3 potions of heal wounds {unknown}
 c - 2 potions of curing {unknown}
 g - a potion of berserk rage {unknown}
 l - a potion of brilliance {unknown}
 m - a potion of magic {unknown}
 r - 2 potions of lignification {unknown}
 s - a potion of flight {unknown}


   Skills:
 * Level 3.8 Short Blades
 - Level 2.0 Dodging
 - Level 2.0 Stealth
 + Level 3.7 Spellcasting
 + Level 5.3 Conjurations
 + Level 2.2 Hexes


You had 6 spell levels left.
You knew the following spells:

 Your Spells              Type           Power      Damage    Failure   Level
a - Magic Dart            Conj           96%        1d7       1%          1
b - Searing Ray           Conj           48%        3d5       2%          2
c - Fulminant Prism       Conj/Hex       9%         3d7       28%         4

Your spell library contained the following spells:

 Spells                   Type           Power      Damage    Failure   Level
 Corona                   Hex            13%        N/A       5%          1
 Dazzling Flash           Conj/Hex       36%        N/A       9%          3
 Animate Skeleton         Necr           6%         N/A       13%         1
 Apportation              Tloc           6%         N/A       13%         1
 Summon Small Mammal      Summ           12%        N/A       13%         1
 Iskenderun's Mystic Bla  Conj/Tloc      14%        2d5       41%         4


Dungeon Overview and Level Annotations

Branches:
Dungeon (5/15)
 Temple: D:4-7

Altars:

Annotations:
D:4 Sigmund
D:5 exclusion: ogre, Edmund, Pikel


Message History

The magic dart hits the lemure.
Pikel the Slaver comes into view.
He is wielding a +0 whip of freezing and carrying a wand of polymorph (8).
There is a stone staircase leading up here.
You fly upwards.
Level annotation: Sigmund
There is a stone staircase leading down here.
There is a stone staircase leading up here.
There is a stone staircase leading down here.
You fly downwards.
Level annotation: exclusion: ogre, Pikel Edmund the Younger comes into view.
He is wielding a +3 flail of protection.
There is a stone staircase leading up here.
The helpless Edmund fails to defend himself.
You puncture Edmund!
Edmund hits you with a +3 flail of protection!
Unknown command.
You feel yourself speed up. Edmund barely misses you.
Aim: Edmund, wielding a +3 flail of protection and wearing a +0 chain mail (moderately wounded, 85% to hit)
The searing ray hits Edmund but does no damage. (Press . to maintain the ray.) Edmund hits you with a +3 flail of protection!
The searing ray hits Edmund but does no damage.
Edmund misses you.
The searing ray hits Edmund.
The searing ray hits Edmund but does no damage.
You finish channeling your searing ray.
Edmund hits you with a +3 flail of protection.
* * * LOW HITPOINT WARNING * * *
You hit Edmund but do no damage. Lightning courses through Edmund!
You closely miss Edmund. Edmund misses you.
You hit Edmund. Edmund misses you.
You hit Edmund but do no damage. You closely miss Edmund.
Edmund hits you with a +3 flail of protection!
* * * LOW HITPOINT WARNING * * *
You hit Edmund but do no damage.
Okay, then.
You barely miss Edmund. Edmund barely misses you.
You hit Edmund but do no damage.
Aim: Edmund, wielding a +3 flail of protection and wearing a +0 chain mail (severely wounded, 85% to hit)
The searing ray hits Edmund but does no damage. (Press . to maintain the ray.) Edmund barely misses you.
The searing ray hits Edmund but does no damage.
Edmund hits you with a +3 flail of protection.
* * * LOW HITPOINT WARNING * * *
The searing ray hits Edmund!
The searing ray hits Edmund.
You finish channeling your searing ray.
Edmund hits you with a +3 flail of protection!
You die... ######### #@@...... #########

You could see Edmund.

Vanquished Creatures
  A scorpion (D:5)
  A bullfrog zombie (D:5)
  A hound (D:4)
  Natasha (thrice) (D:4)
  3 iguanas
  Robin (D:4)
  5 adders
  A shadow imp (D:5)
  An adder skeleton (D:4)
  2 worms
  A dart slug (D:4)
  8 orcs
  6 endoplasms
  2 giant cockroaches
  9 goblins
  12 hobgoblins
  3 kobolds
  4 quokkas
  4 ball pythons
  4 bats
  4 frilled lizards
  3 rats (D:1)
79 creatures vanquished.

Notes
Turn   | Place    | Note
-------+----------+-------------------------------------------
     0 | D:1      | Lochraine the Human Conjurer began the quest for the Orb.
     0 | D:1      | Reached XP level 1. HP: 13/13 MP: 3/3
   289 | D:1      | Reached XP level 2. HP: 19/19 MP: 3/5
   443 | D:1      | Learned a level 2 spell: Searing Ray
   848 | D:1      | Reached XP level 3. HP: 18/24 MP: 0/6
   931 | D:1      | Found a faded altar of an unknown god.
  2108 | D:2      | Reached skill level 1 in Short Blades
  2398 | D:3      | Reached XP level 4. HP: 30/30 MP: 3/8
  2674 | D:3      | Learned a level 4 spell: Fulminant Prism
  3248 | D:4      | Reached XP level 5. HP: 30/35 MP: 1/9
  3371 | D:4      | Noticed Natasha
  3382 | D:4      | Reached skill level 1 in Hexes
  3544 | D:4      | Killed Natasha
  3736 | D:4      | Noticed Robin
  3743 | D:4      | Noticed Natasha
  3928 | D:4      | Reached XP level 6. HP: 21/41 MP: 1/10
  4167 | D:4      | Noticed Sigmund
  4195 | D:4      | Identified the +0 pair of boots of Sin {rC+ Dex+4}
  4362 | D:4      | Killed Natasha
  4363 | D:4      | Reached skill level 5 in Conjurations
  4640 | D:4      | Killed Robin
  4829 | D:5      | Entered Level 5 of the Dungeon
  4829 | D:5      | Noticed an ogre
  4847 | D:4      | Noticed Natasha
  4849 | D:4      | Killed Natasha
  4946 | D:5      | Reached XP level 7. HP: 36/46 MP: 8/12
  5058 | D:5      | Noticed Pikel
  5101 | D:5      | Noticed Edmund
  5119 | D:5      | Slain by Edmund

Illustrated notes

Levels and vault maps discovered:
D:1:      kennysheep_arrival_forest, layout_loops_ring,
          ebering_ecumenical_altar_hall
D:2:      layout_basic
D:3:      layout_rooms
D:4:      layout_basic, serial_park_tiny_1, grunt_ministairs_13, uniq_robin,
          uniq_sigmund, uniq_natasha
D:5:      layout_basic, minmay_temple_entry_overgrown, serial_corexii_hall,
          chequers_hall_statues_y, corexii_hall_statues_u, st_stairs_12,
          hangedman_abyss_or_decor_lesser_grid, uniq_ijyb, uniq_pikel,
          uniq_edmund

Skill      XL: |  1  2  3  4  5  6 |
---------------+-------------------+-----
Short Blades   | 1 2 3 |  3.8
Spellcasting   | 3 |  3.7
Hexes          | 1 2 |  2.2
Conjurations   | 5 |  5.3
Dodging        | |  2.0
Stealth        | |  2.0

Action                   |  1- 3 |  4- 6 |  7- 9 || total
-------------------------+-------+-------+-------++-------
Melee: Dagger            |    22 |    58 |     9 ||    89
 Cast: Magic Dart        |    41 |    62 |     3 ||   106
       Searing Ray       |     2 |    10 |     3 ||    15
  Use: Scroll            |       |     1 |       ||     1
       Potion            |       |       |     1 ||     1
 Stab: Sleeping          |     2 |       |     1 ||     3
Armor: Robe              |     3 |     6 |       ||     9
Dodge: Dodged            |    12 |    34 |     6 ||    52
